 Dungeon Crawl Stone Soup version 0.18.1-47-g9310371 (webtiles) character file.

426 Liquid the Ruffian (level 6, -3/56 HPs)
             Began as a Ghoul Monk on June 22, 2016.
             Slain by an orc wizard
             ... wielding a +4 dagger of electrocution
              (15 damage)
             ... on level 3 of the Dungeon.
             The game lasted 00:08:53 (3166 turns).

Liquid the Ruffian (Ghoul Monk)                     Turns: 3166, Time: 00:08:54

Health: -3/56      AC: 11    Str: 14 (17) XL:     6   Next: 97%
Magic:  5/5        EV: 10    Int:  2 (5)  God:
Gold:   197        SH:  0    Dex: 10 (11) Spells: 0 memorised, 5 levels left

rFire  . . .     SeeInvis .       - Unarmed
rCold  + . .     Gourm    .     n - +4 scale mail {MR+}
rNeg   + + +     Faith    .     (no shield)
rPois  ∞         Spirit   .     (no helmet)
rElec  .         Dismiss  .     (no cloak)
rCorr  .         Reflect  .     (no gloves)
SustAt .         Harm     .     l - +0 pair of boots
MR     +....                    (no amulet)
Stlth  ..........               j - ring of wizardry
                                g - ring of flight

@: rotting, somewhat resistant to hostile enchantments, extremely unstealthy
A: rotting body, claws 1, carnivore 3, cold resistance 1, negative energy
resistance 3, slow regeneration 1, torment resistance, unbreathing
a: Evoke Flight


You were on level 3 of the Dungeon.
You were not hungry.

You visited 1 branch of the dungeon, and saw 5 of its levels.

You collected 197 gold pieces.

Inventory:

Missiles
 m - 4 throwing nets
 s - 3 javelins (quivered)
Armour
 a - a +0 robe
 k - a +0 ring mail
 l - a +0 pair of boots (worn)
 n - a +4 scale mail of magic resistance (worn)
Jewellery
 g - a ring of flight (left claw)
 j - a ring of wizardry (right claw)
Scrolls
 e - 3 scrolls of remove curse
 f - a scroll of teleportation {unknown}
 i - 2 scrolls of immolation {unknown}
 o - a scroll of amnesia {unknown}
 p - 6 scrolls of identify {unknown}
 q - a scroll of noise {unknown}
 r - 2 scrolls of recharging {unknown}
 u - a scroll of fear {unknown}
 v - a scroll of enchant armour {unknown}
Potions
 c - a potion of curing
 d - a potion of invisibility {unknown}
 t - a potion of agility {unknown}
 w - 2 potions of flight {unknown}
Comestibles
 b - 4 meat rations
 h - a chunk of flesh


   Skills:
 + Level 5.0 Fighting
 + Level 2.1 Armour
 + Level 4.0 Dodging
 - Level 2.1 Stealth
 * Level 6.4 Unarmed Combat


You had 5 spell levels left.
You didn't know any spells.

Dungeon Overview and Level Annotations

Branches:
Dungeon (5/15)
 Temple: D:4-7

Altars:
Qazlal

Annotations:
D:4 Grinder


Innate Abilities, Weirdness & Mutations

Your body is rotting away.
You thrive on raw meat.
You are immune to poison.
You have sharp fingernails.
You are carnivorous and can eat meat at any time.
Your flesh is cold resistant.
You are immune to negative energy.
You regenerate slowly when monsters are visible.
You are immune to unholy pain and torment.
You can survive without breathing.


Message History

The orc wizard barely misses you.
You closely miss the orc wizard. The orc hits you but does no damage.
You claw the orc wizard!
The orc wizard is severely wounded.
The orc wizard hits you but does no damage.
You are electrocuted!
* * * LOW HITPOINT WARNING * * *
The orc hits you with a war axe.
* * * LOW HITPOINT WARNING * * *
The orc closely misses you.
The orc wizard gestures at you while chanting.
You resist with almost no effort.
Drink which item? (? for menu, Esc to quit)
You feel better.
You closely miss the orc wizard.
The orc wizard is heavily wounded.
The orc wizard hits you with a dagger of electrocution.
* * * LOW HITPOINT WARNING * * *
You are electrocuted!
You die...

#......######....##.# ##
#......##...........# #
##......#.########### ..
#.#.##.#.##.#
..####.#....#....##+###+#
.......#########.#.......
.......#.........#.......
.......#.#######.+.......
.......#.# #@#.......
#........#######o#...$...
#...............o#o......
#................o)......
#..........#######s......####
######.....# #.........#
....##.....# #.##......#
....##.....# #.##......#####
....##.....####.............#....


You could see an orc wizard and 2 orcs.

Vanquished Creatures
  The ghost of juanjsm the Sneak, an amateur SpEn (D:4)
  A jelly (D:5)
  A centaur skeleton (D:5)
  An iguana (D:5)
  Ijyb (D:3)
  Terence (D:2)
  3 gnolls (D:3)
  7 adders
  An ooze (D:3)
  An adder skeleton (D:4)
  3 worms
  A dart slug (D:3)
  A giant gecko (D:1)
  4 orcs (D:3)
  13 bats
  5 giant cockroaches
  8 goblins
  4 hobgoblins
  2 jackals (D:2)
  10 kobolds
  A ball python (D:4)
  3 giant newts
  10 rats
83 creatures vanquished.

Notes
Turn   | Place    | Note
--------------------------------------------------------------
     0 | D:1      | Liquid the Ghoul Monk began the quest for the Orb.
     0 | D:1      | Reached XP level 1. HP: 19/19 MP: 0/0
     1 | D:1      | Noticed an electric eel
   136 | D:1      | Reached XP level 2. HP: 26/26 MP: 1/1
   411 | D:1      | Reached XP level 3. HP: 33/33 MP: 2/2
   570 | D:2      | Noticed Terence
   592 | D:2      | Killed Terence
   592 | D:2      | Reached skill level 5 in Unarmed Combat
   790 | D:2      | Reached XP level 4. HP: 39/40 MP: 3/3
  1641 | D:3      | Reached skill level 1 in Armour
  1667 | D:3      | Found a stormy altar of Qazlal.
  1697 | D:3      | You fall through a shaft for 2 floors!
  1697 | D:5      | Entered Level 5 of the Dungeon
  1703 | D:4      | Noticed juanjsm's ghost (amateur SpEn)
  1744 | D:4      | Reached XP level 5. HP: 45/46 MP: 4/4
  1758 | D:4      | Killed juanjsm's ghost
  1861 | D:4      | Noticed Grinder
  1872 | D:5      | Reached skill level 6 in Unarmed Combat
  1872 | D:5      | Reached XP level 6. HP: 53/53 MP: 5/5
  2072 | D:4      | HP: 2/53 [ogre/giant spiked club (10)]
  3061 | D:3      | Noticed Ijyb
  3076 | D:3      | Killed Ijyb
  3137 | D:3      | Reached skill level 5 in Fighting
  3166 | D:3      | Slain by an orc wizard

Skill      XL: |  1  2  3  4  5  6 |
---------------+-------------------+-----
Dodging        | 3 4 |  4.0
Unarmed Combat | 5 6 |  6.4
Armour         | 1 2 |  2.1
Fighting       | 4 5 |  5.0
Stealth        | |  2.1

Action                   |  1- 3 |  4- 6 || total
-------------------------+-------+-------++-------
Melee: Unarmed           |    92 |   209 ||   301
       Punch             |       |     2 ||     2
  Use: Potion            |       |     6 ||     6
       Scroll            |       |     1 ||     1
  Eat: Chunk             |     9 |    15 ||    24
Armor: Robe              |    16 |       ||    16
       Ring mail         |    11 |       ||    11
       Scale mail        |       |   117 ||   117
Dodge: Dodged            |    61 |   121 ||   182
